Ritz, chaotic male elven Priest ----- --- |...---#---------- | --.-- ---...f@G...G.G.Gh....- |..<| |...|..------------ |...| ---- |.------ ----|..-- |..| |.| --..-|..------..--- |.| |....|...|-.......-- |.| |...---..|.........| |.| --.-- |...........- |.| |.---|.--.--....-| |.| |...||.||........---|.-- ---.--.|---.-.......|..--- |....| ....--.........--- ---..----...|----........| --*..----..| |........| --....^| ---- ---.--.--- ---......| --- -- |...|....| |..---.--- ---- --- Ritz the Acolyte Experience level: 3 Strength: 8 Dexterity: 12 Constitution: 9 Intelligence: 13 Wisdom: 20 Charisma: 9 Health: 0(23) Energy: 35(45) Def: 7 Gold: 32 Moves: 1758 Dungeon seed: 8S-jLlFr8TvBMHxR Game ID: Ritz_1615757530 Your Inventory: Coins $ - 32 gold pieces Weapons a - a blessed corroded +1 mace (weapon in hand) k - a +1 orcish dagger p - a +2 orcish dagger Armor e - a +0 robe (being worn) n - a blessed +0 small shield (being worn) q - a +0 orcish helm (being worn) Comestibles c - a clove of garlic d - a sprig of wolfsbane Scrolls t - a scroll of light Spellbooks f - a spellbook of protection g - a spellbook of healing o - a blessed spellbook of teleport away u - a spellbook of charm monster Potions b - 3 potions of holy water B - a potion of oil Rings i - a ring of stealth (on left hand) Tools h - a leather drum j - a credit card y - a blindfold C - an oil lamp (0:1149) D - a skeleton key E - a lock pick Gems r - a worthless piece of white glass Spells and supernatural/magical abilities: Name Level Category Fail Memory h - healing 1 healing 0% 92% p - protection 1 clerical 0% 92% t - teleport away 6 escape 99% 96% W - pray for help -- divine ? -- X - turn undead -- divine ? -- Your skills at the end: Fighting Skills Weapon Skills mace [Basic] Spellcasting Skills clerical spells [Basic] Final Attributes: You were piously aligned. You had infravision. You were stealthy. You were protected. You are dead. Vanquished creatures: a dwarf a homunculus 2 acid blobs a giant rat 2 cave spiders a gnome zombie a gecko 3 jackals a fox 3 goblins a sewer rat 5 grid bugs a lichen 3 kobold zombies 10 newts 36 creatures vanquished. Voluntary challenges: You used a wielded weapon 34 times, starting on turn 13. You read items or engraved 38 times, starting on turn 677. You never genocided any monsters. You never polymorphed an object. You never changed form. You used no wishes. You never split a pudding. You never wrote Elbereth's name. You never violated your personal moral code. Dungeon overview: The Dungeons of Doom: levels 1 to 3 Level 1 a fountain a long staircase Level 2 a general store, a fountain Level 3 stairs to The Gnomish Mines The Gnomish Mines: Level 4 <- You were here stairs to The Dungeons of Doom History has recorded: On T:1 you entered the Dungeons of Doom to retrieve the Amulet of Yendor! On T:718 you advanced to experience level 2. On T:760 you reached level 2 of The Dungeons of Doom. On T:1002 you advanced to experience level 3. On T:1240 you reached level 3 of The Dungeons of Doom. On T:1646 you reached level 1 of The Gnomish Mines. Score breakdown: Gold: 32 ( 5165 points) Experience: 3 levels ( 7878 points) Exploration: 4 levels ( 8.16%) ( 7500 points) Discoveries: 7 items ( 2.45%) ( 4693 points) Valuables value: (no points given unless you survive) Artifact value: 0 ( 0 points) Variety of kills: 15 monsters ( 3.94%) ( 5952 points) Turncount: 1758 turns ( 0 points) Survival: died (score multiplied by 80%) Total score: 24950 Latest messages: The air around you begins to shimmer with a golden haze. You miss the dwarf. The dwarf swings her pick-axe. The dwarf misses. You miss the dwarf. You kill the dwarf! You hit the homunculus. The homunculus bites! The gnome throws a dart! The dart misses the gnome king. The dart hits the homunculus. You miss the homunculus. The homunculus bites! You kill the homunculus! The gnome throws a dart! The dart misses the gnome. The dart hits the gnome king. You hit the gnome king. (2x) The gnome king misses. You hit the gnome king. The gnome king hits! The golden haze around you becomes less dense. The golden haze around you becomes more dense. The gnome king hits! You die... Final status: Goodbye Ritz the Priest, killed by a gnome king... You died in The Gnomish Mines on dungeon level 4 with 24950 points, and 32 pieces of gold, after 1758 moves. You were level 3 with a maximum of 23 hit points when you died.